 Dungeon Crawl Stone Soup version 0.31-a0-236-g9a0961fb85 (webtiles) character file.

Game seed: 13187111294478688530

21 qw the Shooter (level 2, -4/17 HPs)
             Began as a Gargoyle Hexslinger on July 9, 2023.
             Slain by a gnoll
             ... wielding a +0 halberd
              (7 damage)
             ... on level 2 of the Dungeon.
             The game lasted 00:00:18 (1181 turns).

qw the Shooter (Gargoyle Hexslinger)                Turns: 1181, Time: 00:00:19

Health: -4/17      AC:  5    Str: 11    XL:     2   Next: 83%
Magic:  3/3        EV: 11    Int: 13    God:
Gold:   61         SH:  0    Dex: 12    Spells: 2/3 levels left

rFire   . . .        Y - +1 sling
rCold   . . .        (no shield)
rNeg    + . .        e - +0 leather armour
rPois   inf          (no helmet)
rElec   +            (no cloak)
rCorr   .            (no gloves)
SInv    .            (no boots)
Will    .....        d - amulet of faith
Stlth   +            (no ring)
HPRegen 0.22/turn    (no ring)
MPRegen 0.08/turn

%: faith
@: no status effects
A: sickness immunity, AC +2, negative energy resistance 1, electricity
resistance, torment resistance 1, petrification resistance
a: no special abilities


You were on level 2 of the Dungeon.
You visited 1 branch of the dungeon, and saw 2 of its levels.

You collected 61 gold pieces.


Innate Abilities, Weirdness & Mutations

You are immune to sickness and miasma.
Your stone body is resilient. (AC +2)
You are immune to poison.
You resist negative energy. (rN+)
You are resistant to electric shocks. (rElec)
You are resistant to unholy torment.
You are immune to petrification.


   Skills:
 + Level 1.7 Fighting
 - Level 3.0 Ranged Weapons
 - Level 1.5 Dodging
 - Level 1.0 Spellcasting
 - Level 2.6 Hexes


You had 2 spell levels left.
You knew the following spells:

 Your Spells              Type           Power      Damage    Failure   Level
a - Slow                  Hex            28%        N/A       12%         1

Your spell library contained the following spells:

 Spells                   Type           Power      Damage    Failure   Level
 Inner Flame              Hex/Fire       4%         N/A       54%         3
 Portal Projectile        Hex/Tloc       8%         N/A       54%         3
 Cause Fear               Hex            3%         N/A       77%         4

Inventory:

Hand Weapons
 Y - a +1 sling (weapon)
Armour
 e - a +0 leather armour (worn)
Jewellery
 d - an amulet of faith (around neck)
Potions
 g - a potion of enlightenment {unknown}
 h - a potion of curing {unknown}
 i - a potion of berserk rage {unknown}

Dungeon Overview and Level Annotations

Branches:
Dungeon (2/15)

Altars:

Shops:
D:1 [   D:2 :


Message History

You shoot a sling bullet. The gnoll shouts!
The sling bullet hits the gnoll.
The gnoll is moderately wounded.
You hear a shout!
The kobold throws a stone.
The stone barely misses you.
You shoot a sling bullet.
The sling bullet hits the gnoll but does no damage.
The gnoll is moderately wounded.
The kobold throws a stone.
The stone misses you.
A rat comes into view.
You shoot a sling bullet.
The sling bullet barely misses the gnoll.
The kobold throws a stone.
The stone misses you.
You shoot a sling bullet.
The sling bullet barely misses the gnoll.
The kobold throws a stone.
The stone hits you.
A gnoll comes into view. It is wielding a +0 club.
The gnoll misses you.
You shoot a sling bullet.
The sling bullet barely misses the gnoll.
The gnoll hits you from afar with a +0 halberd.
You shoot a sling bullet.
The sling bullet barely misses the endoplasm.
The sling bullet hits the gnoll!
The gnoll is almost dead.
A bat comes into view.
The endoplasm closely misses you.
The gnoll hits you from afar with a +0 halberd.
You shoot a sling bullet.
The sling bullet barely misses the endoplasm.
The sling bullet closely misses the gnoll.
The gnoll hits you from afar with a +0 halberd.
The endoplasm freezes you.
You are frozen.
The rat barely misses you. The endoplasm closely misses you.
The gnoll barely misses you.
You shoot a sling bullet.
The sling bullet hits the endoplasm but does no damage.
The gnoll hits you from afar with a +0 halberd!
You die...

#### # #>.##### .#
#......# ..#
####.#.##.# ...# ####
#....#.##.##....#
.....##.####...........
........# ###.@r......
......#.#### ###JK..#..
.#####...##.# .g###
.....##.....# b...
.#.<..#.....# ..g..
......#.....# .......
<._.#.......# .......
......#.....# .......
.#.<..#...###


You could see 2 gnolls, an endoplasm, a bat, a kobold and a rat.

Vanquished Creatures
  A bat (D:2)
  An endoplasm (D:1)
  A goblin (D:1)
  4 jackals (D:1)
  A quokka (D:1)
  A ball python (D:1)
  2 frilled lizards
  5 kobolds (D:1)
  5 rats
21 creatures vanquished.

Notes
Turn   | Place    | Note
-------+----------+-------------------------------------------
     0 | D:1      | qw the Gargoyle Hexslinger began the quest for the Orb.
     0 | D:1      | Reached XP level 1. HP: 12/12 MP: 2/2
     0 | D:1      | 0 ||| qw: Version: 0.3-a-51-g015441d
     0 | D:1      | 0 ||| qw: Game counter: 4440
     0 | D:1      | 0 ||| qw: Melee chars always use a shield: true
     0 | D:1      | 0 ||| qw: God list: Okawaru
     0 | D:1      | 0 ||| qw: Allow faded altars: false
     0 | D:1      | 0 ||| qw: Do Orc after clearing Dungeon:15 true
     0 | D:1      | 0 ||| qw: Do second Lair branch before Depths: true
     0 | D:1      | 0 ||| qw: Lair rune preference: random
     0 | D:1      | 0 ||| qw: Goals: Normal
     0 | D:1      | 0 ||| PLANNING D:1-11
   154 | D:1      | Found Oloih's Armour Boutique.
   170 | D:1      | 170 ||| SHOPLISTING +0 cloak (58 gold, have 10).
   170 | D:1      | 170 ||| SHOPLISTING +0 ring mail (52 gold, have 10).
   170 | D:1      | 170 ||| SHOPLISTING +3 leather armour (247 gold, have 10).
   255 | D:1      | Reached XP level 2. HP: 9/16 MP: 3/3
   258 | D:1      | HP: 4/16 [jackal (2)]
   263 | D:1      | HP: 2/16 [jackal (1)]
   439 | D:1      | Reached skill level 3 in Ranged Weapons
  1052 | D:1      | 1052 ||| UPGRADING to +0 leather armour.
  1062 | D:1      | 1062 ||| DROPPING +0 robe.
  1063 | D:1      | 1063 ||| UPGRADING to amulet of faith.
  1068 | D:1      | 1068 ||| READING scroll labelled SEOPLEGIEPP.
  1069 | D:1      | 1069 ||| DROPPING scroll of poison.
  1089 | D:2      | Found a faded altar of an unknown god.
  1093 | D:2      | 1093 ||| STAIRDANCE
  1122 | D:2      | Found Coif's Book Shop.
  1180 | D:2      | HP: 3/17 [frozen (5)]
  1181 | D:2      | Slain by a gnoll

Levels and vault maps discovered:
D:1:      dpeg_arrival_short_road, layout_basic, serial_shops, shop
D:2:      layout_basic, serial_rivers, chequers_serial_rivers_small_3,
          chequers_serial_rivers_micro_c, chequers_serial_rivers_marsh,
          chequers_serial_rivers_room_a, chequers_serial_rivers_small_b,
          serial_shops, shop, shop, shop, basic_altar,
          nicolae_ecumenical_pavilion, uniq_crazy_yiuf_cottage, uniq_jessica

Skill      XL: |  1  2 |
---------------+-------+-----
Ranged Weapons | 3 |  3.0
Fighting       | |  1.7
Dodging        | |  1.5
Spellcasting   | |  1.0
Hexes          | |  2.6

Action                     || total
---------------------------++-------
   Fire: Sling             ||    71
    Use: Scroll            ||     1
 Armour: Robe              ||    17
         Leather armour    ||     5
  Dodge: Dodged            ||    54

Table legend:
 A = Non-vault XP
 B = Vault XP
 C = Vault XP percentage of total XP
 D = Non-vault monster count
 E = Vault monster count
 F = Vault count percentage of total count
                 A         B        C        D         E       F
            +---------+---------+-------+---------+---------+-------
      Total |      30 |       0 |   0.0 |      21 |       0 |   0.0
            +---------+---------+-------+---------+---------+-------
        D:1 |      26 |       0 |   0.0 |      18 |       0 |   0.0
        D:2 |       4 |       0 |   0.0 |       3 |       0 |   0.0
            +---------+---------+-------+---------+---------+-------
